Map: Deathaura LE

Players

PtitDrogo

  • Race: Protoss Protoss
  • Spawn Location: 5:00

Hurricane - Winner!

  • Race: Protoss Protoss
  • Spawn Location: 11:00

Event: War Chest Team League

VOD

Have the link to the VOD?

Description

Time

  • Played on: Aug. 2, 2020, 11:07 a.m.
  • Length: 10:34
Show
View Real Time Build Order
Export as new Build Order

PtitDrogo Protoss 

Build Orders: Blink Stalkers, Zealot Archon 

Get SALT Encoding   

  12  0:01  Probe  
  13  0:13  Probe  
  14  0:17  Pylon  
  14  0:25  Probe (Chrono Boost)  
  15  0:37  Gateway, Probe (Chrono Boost)  
  16  0:44  Probe (Chrono Boost)  
  16  0:46  Assimilator  
  17  0:51  Probe  
  17  0:55  Assimilator  
  18  1:04  Probe (Chrono Boost)  
  19  1:08  Gateway  
  19  1:14  Probe (Chrono Boost)  
  20  1:19  Probe (Chrono Boost)  
  20  1:24  Cybernetics Core  
  21  1:31  Probe  
  22  1:33  Pylon  
  22  1:43  Probe  
  23  1:58  Warp Gate (Chrono Boost)  
  23  2:00  Adept x2  
  27  2:05  Pylon, Probe  
  28  2:30  Adept x2  
  32  2:42  Nexus  
  31  2:55  Probe  
  32  3:00  Adept x2  
  32  3:04  Pylon  
  36  3:11  Probe  
  37  3:15  Twilight Council  
  37  3:26  Shield Battery  
  37  3:32  Shield Battery  
  37  3:36  Probe  
  37  3:38  Adept x2  
  42  3:50  Probe  
  42  3:53  Blink (Chrono Boost)  
  43  3:58  Shield Battery  
  43  4:00  Sentry  
  43  4:02  Sentry  
  47  4:06  Probe  
  48  4:14  Probe  
  47  4:18  Probe  
  44  4:31  Probe (Chrono Boost)  
  44  4:32  Probe (Chrono Boost)  
  44  4:36  Stalker x2  
  43  4:44  Probe (Chrono Boost)  
  45  4:46  Dark Shrine  
  45  4:47  Probe (Chrono Boost)  
  45  4:50  Probe (Chrono Boost)  
  46  4:54  Probe (Chrono Boost)  
  48  5:02  Shield Battery  
  48  5:05  Probe x2 (Chrono Boost)  
  49  5:11  Stalker, Probe (Chrono Boost)  
  52  5:15  Stalker  
  52  5:19  Probe  
  55  5:24  Forge  
  55  5:27  Probe  
  54  5:36  Stalker, Probe  
  54  5:40  Gateway  
  54  5:41  Stalker  
  57  5:44  Charge (Chrono Boost), Pylon  
  57  5:51  Probe x2  
  57  5:54  Assimilator  
  59  5:57  Protoss Ground Weapons Level 1 (Chrono Boost)  
  59  6:03  Stalker  
  59  6:04  Stalker  
  63  6:07  Pylon  
  63  6:09  Probe  
  64  6:12  Probe  
  65  6:22  Probe  
  66  6:30  Stalker x2  
  61  6:43  Probe  
  52  6:53  Probe  
  50  6:56  Probe  
  50  6:57  Nexus  
  51  7:02  Stalker  
  51  7:05  Probe  
  51  7:08  Probe  
  55  7:17  Probe, Dark Templar  
  55  7:20  Dark Templar, Probe  
  61  7:29  Probe  
  58  7:32  Probe  
  58  7:34  Archon  
  55  7:38  Gateway  
  55  7:40  Gateway  
  55  7:41  Probe  
  55  7:42  Gateway  
  55  7:43  Stalker  
  55  7:44  Gateway, Probe  
  59  7:54  Shield Battery  
  59  7:56  Stalker x2  
  63  8:07  Shield Battery  
  63  8:08  Shield Battery  
  63  8:10  Stalker  
  65  8:24  Dark Templar x2  
  69  8:27  Assimilator  
  69  8:28  Archon  
  69  8:35  Pylon  
  69  8:38  Pylon  
  67  8:41  Zealot  
  67  8:44  Zealot  
  67  8:48  Zealot  
  69  8:52  Zealot x2  
  59  8:57  Dark Templar x2  
  59  9:02  Zealot  
  55  9:06  Zealot  
  50  9:13  Stalker x2  
  49  9:31  Dark Templar  
  51  9:32  Sentry, Zealot x2  
  51  9:33  Zealot  
  51  9:35  Archon  
  58  9:53  Zealot x4  
  58  9:58  Zealot  
  67  10:04  Zealot  
  67  10:05  Zealot  
  55  10:14  Dark Templar  
  55  10:16  Zealot  
  55  10:18  Zealot  
  55  10:20  Zealot x2  
Show
View Real Time Build Order
Export as new Build Order

Hurricane Protoss - Winner!

Build Orders:  

Get SALT Encoding   

  12  0:00  Probe  
  13  0:12  Probe  
  14  0:17  Pylon  
  14  0:24  Probe (Chrono Boost)  
  15  0:36  Probe (Chrono Boost)  
  15  0:38  Gateway  
  16  0:45  Probe (Chrono Boost)  
  16  0:46  Assimilator  
  17  0:51  Probe  
  17  0:55  Assimilator  
  18  1:03  Probe (Chrono Boost)  
  19  1:09  Gateway  
  19  1:14  Probe (Chrono Boost)  
  20  1:19  Probe  
  20  1:25  Cybernetics Core  
  21  1:31  Probe  
  22  1:38  Pylon  
  22  1:43  Probe  
  23  1:56  Probe  
  24  2:01  Stalker x2  
  24  2:04  Warp Gate  
  28  2:12  Pylon  
  28  2:31  Adept x2  
  32  2:52  Nexus  
  32  2:58  Probe  
  32  3:08  Sentry  
  32  3:10  Robotics Facility  
  34  3:15  Pylon  
  34  3:22  Shield Battery  
  34  3:24  Probe  
  34  3:36  Probe  
  35  3:41  Shield Battery  
  35  3:49  Probe  
  36  3:56  Stalker x2  
  40  4:04  Probe  
  41  4:13  Shield Battery  
  41  4:16  Probe  
  42  4:22  Stalker x2  
  42  4:23  Probe  
  47  4:24  Gateway  
  47  4:28  Probe  
  44  4:34  Immortal (Chrono Boost)  
  48  4:39  Probe (Chrono Boost)  
  49  4:46  Phoenix, Probe (Chrono Boost)  
  49  4:47  Sentry  
  49  4:51  Probe (Chrono Boost)  
  49  4:52  Sentry  
  55  4:57  Probe (Chrono Boost)  
  55  4:59  Probe (Chrono Boost)  
  57  5:01  Probe (Chrono Boost)  
  57  5:02  Pylon  
  57  5:06  Probe  
  59  5:10  Warp Prism (Chrono Boost)  
  61  5:16  Probe  
  61  5:20  Probe  
  63  5:26  Pylon  
  61  5:37  Probe  
  61  5:38  Probe  
  61  5:40  Immortal (Chrono Boost)  
  61  5:42  Twilight Council  
  67  5:45  Assimilator  
  67  5:50  Probe  
  67  5:54  Probe  
  67  5:56  Pylon  
  69  5:59  Sentry  
  69  6:00  Sentry  
  73  6:20  Gateway  
  73  6:22  Gateway  
  73  6:25  Stalker  
  73  6:28  Gateway  
  73  6:30  Gateway  
  70  6:38  Immortal (Chrono Boost), Pylon  
  66  6:50  Blink (Chrono Boost)  
  66  6:54  Gateway  
  54  6:58  Sentry  
  56  7:05  Warp Prism (Chrono Boost)  
  58  7:18  Sentry x2  
  58  7:21  Probe  
  63  7:27  Stalker  
  63  7:28  Stalker  
  65  7:33  Stalker x2  
  69  7:43  Pylon  
  70  7:56  Assimilator  
  70  8:01  Stalker  
  70  8:02  Stalker x5  
  70  8:03  Stalker  
  83  8:25  Stalker x4  
  83  8:27  Zealot  
  93  8:28  Pylon  
  93  8:32  Pylon  
  93  8:48  Stalker x2  
  95  8:51  Stalker x2  
  79  9:06  Observer (Chrono Boost)  
  72  9:19  Stalker x6  
  72  9:20  Stalker  
  84  9:25  Observer (Chrono Boost)  
  83  9:42  Stalker, Warp Prism (Chrono Boost)  
  83  9:43  Stalker x2  
  91  9:48  Adept x2  
  91  9:49  Adept  
  97  9:54  Adept  
  95  10:16  Stalker x4  
  95  10:17  Stalker  
Tags
 
Add a new tag
Caveats
  • Supply blocks, unpowered buildings, or Contaminate may cause inaccurate times.
  • Supply counts are checked every 10 seconds.